 Dungeon Crawl Stone Soup version 0.31-a0-1576-ga3383bade6 (webtiles) character file.

Game seed: 6179112823378571407

101 night the Caller (level 4, -5/25 HPs)
             Began as a Tengu Summoner on Jan 4, 2024.
             Slain by Sigmund
             ... wielding a +0 scythe of protection
              (9 damage)
             ... on level 4 of the Dungeon.
             The game lasted 00:06:34 (3134 turns).

night the Caller (Tengu Summoner)                   Turns: 3134, Time: 00:06:35

Health: -5/25      AC:  2    Str:  9    XL:     4   Next: 75%
Magic:  5/9        EV: 12    Int: 17    God:
Gold:   153        SH:  0    Dex: 14    Spells: 2/8 levels left

rFire   . . .        i - +2 dagger (speed)
rCold   . . .        (no shield)
rNeg    . . .        a - +0 robe
rPois   .            (helmet restricted)
rElec   .            (no cloak)
rCorr   .            (no gloves)
SInv    .            (boots unavailable)
Will    .....        (no amulet)
Stlth   ++           (no ring)
HPRegen 0.24/turn    (no ring)
MPRegen 0.11/turn

%: acrobat
@: inugami summoned
A: beak, talons 3, acrobatic
a: no special abilities


You were on level 4 of the Dungeon.
You visited 1 branch of the dungeon, and saw 4 of its levels.

You collected 153 gold pieces.

Inventory:

Hand Weapons
 i - a +2 dagger of speed (weapon)
 n - a +0 spear
Missiles
 c - 6 boomerangs
 d - 25 stones
 j - 2 atropa-tipped darts
 m - 12 poisoned darts
Armour
 a - a +0 robe (worn)
Wands
 o - a wand of charming (19)
Scrolls
 e - 3 scrolls of blinking {unknown}
 g - 2 scrolls of teleportation {unknown}
 l - a scroll of fog {unknown}
 r - 2 scrolls of identify {unknown}
 t - a scroll of poison {unknown}
Potions
 b - a potion of magic
 f - 3 potions of curing {unknown}
 h - 2 potions of haste {unknown}
 k - a potion of might {unknown}
 p - a potion of attraction {unknown}
 q - a potion of brilliance {unknown}
 s - a potion of mutation {unknown}


   Skills:
 - Level 1.2 Fighting
 - Level 0.3 Polearms
 - Level 2.7 Dodging
 - Level 2.0 Stealth
 + Level 2.9 Spellcasting
 + Level 5.5 Summonings
 + Level 1.4 Fire Magic


You had 2 spell levels left.
You knew the following spells:

 Your Spells              Type           Power      Damage    Failure   Level
a - Summon Small Mammal   Summ           84%        N/A       1%          1
b - Call Imp              Summ           42%        N/A       2%          2
c - Call Canine Familiar  Summ           21%        N/A       5%          3

Your spell library contained the following spells:

 Spells                   Type           Power      Damage    Failure   Level
 Volatile Blastmotes      Fire/Tloc      8%         2d10      36%         3
 Summon Blazeheart Golem  Fire/Summ      14%        N/A       38%         4
 Dazzling Flash           Conj/Hex       4%         N/A       47%         3
 Summon Lightning Spire   Summ/Air       11%        N/A       50%         4
 Starburst                Conj/Fire      2%         6d3       100%        6
 Maxwell's Capacitive Co  Air            1%         ∞         100%        8


Dungeon Overview and Level Annotations

Branches:
Dungeon (4/15)
 Temple: D:4-7

Altars:

Shops:
D:1 *   D:2 !

Annotations:
D:4 Sigmund


Innate Abilities, Weirdness & Mutations

You have a beak for a mouth.
You have claws for feet.
You can magically evade attacks while moving or waiting.


Message History

There is a stone staircase leading up here.
Casting: Call Canine Familiar (quite dangerous; 5% risk of failure)
Confirm with . or Enter, or press ? or * to list all spells.
You call for your canine familiar and it appears with a howl!
Unknown command.
Your inugami appears confused.
Something barely misses your inugami.
Your inugami misses something.
Something hits your inugami but does no damage.
Something hits your inugami.
Your inugami barely misses something.
Your inugami seems less confused.
Something misses you. Something completely misses you.
Your inugami hits something. Your inugami hits something. Something hits you.
Your inugami barely misses something.
Something misses you.
Your inugami hits something but does no damage.
Casting: Call Canine Familiar (quite dangerous; 5% risk of failure)
Confirm with . or Enter, or press ? or * to list all spells.
A tiny devil pulls itself out of the air.
Your inugami hits something but does no damage.
Unknown command.
Casting: Call Imp (safe; 2% risk of failure)
Confirm with . or Enter, or press ? or * to list all spells.
Something hits you.
Unknown command.
You swap places.
Your bat hits something but does no damage.
You hear some strange, mumbled words.
A puff of flame appears from out of thin air!
The puff of flame hits you!
Your bat barely misses something.
You closely miss something. You claw something.
Your bat closely misses something.
You miss something.
Your bat barely misses something.
Your bat hits something but does no damage.
Something hits you.
* * * LOW HITPOINT WARNING * * *
You swap places.
Your bat hits something. Your inugami misses something.
There is a stone staircase leading up, spattered with blood here.
Something hits you!
You die...

. . # # # # # # #
#.#.############# #
#......@h{......# #
###.##b5.######.# #
#.....# #.#
############.#..#
#.#
#............#..#
#{#
#.##.#####.#.####..#
#.# ..##.#.....#.#
#..# #.#
####.#.#####.# #...
... .....# #.# ##.##
#.#


You could see a friendly cerulean imp (summoned), a friendly inugami (summoned)
and a friendly bat (summoned).

Vanquished Creatures
  A dart slug (D:3)
  A ball python (D:3)
  4 endoplasms
  A giant cockroach (D:2)
  4 hobgoblins
  2 kobolds
  5 quokkas
  4 bats
  2 goblins
  2 rats
26 creatures vanquished.

Vanquished Creatures (collateral kills)
  An orc priest (D:3)
  An adder (D:3)
  A ribbon worm (D:2)
  3 orcs (D:3)
  3 endoplasms (D:1)
  2 kobolds
  2 quokkas
  3 ball pythons (D:1)
  2 bats
  2 frilled lizards
  2 goblins
  2 rats (D:1)
24 creatures vanquished.

Grand Total: 50 creatures vanquished

Notes
Turn   | Place    | Note
-------+----------+-------------------------------------------
     0 | D:1      | night the Tengu Summoner began the quest for the Orb.
     0 | D:1      | Reached XP level 1. HP: 10/10 MP: 4/4
   343 | D:1      | Reached XP level 2. HP: 16/16 MP: 4/6
   479 | D:1      | Reached skill level 5 in Summonings
   723 | D:1      | Learned a level 2 spell: Call Imp
   951 | D:1      | Found Bilagec's General Store.
   965 | D:1      | Reached skill level 1 in Fighting
  1231 | D:2      | Found Nolacav's Distillery.
  1240 | D:2      | Reached XP level 3. HP: 20/20 MP: 4/7
  1921 | D:3      | Learned a level 3 spell: Call Canine Familiar
  2589 | D:3      | Reached XP level 4. HP: 25/25 MP: 5/8
  2667 | D:3      | Reached skill level 1 in Fire Magic
  2856 | D:4      | Noticed Sigmund
  3134 | D:4      | Slain by Sigmund

Illustrated notes

Levels and vault maps discovered:
D:1:      dpeg_arrival_round_b, layout_basic, serial_shops, shop
D:2:      layout_loops_cross, serial_shops, nicolae_shop_industrial_runoff,
          chequers_serial_rivers_room_a, minmay_liquid_box
D:3:      layout_loops_ring
D:4:      layout_basic, portal_sewer_entry_a, minmay_goblin_outpost,
          uniq_blork_the_orc, uniq_crazy_yiuf_cottage, uniq_sigmund

Skill      XL: |  1  2  3  4 |
---------------+-------------+-----
Summonings     | 5 |  5.5
Fighting       | 1 |  1.2
Fire Magic     | 1 |  1.4
Polearms       | |  0.3
Dodging        | |  2.7
Stealth        | |  2.0
Spellcasting   | |  2.9

Action                     |  1- 3 |  4- 6 || total
---------------------------+-------+-------++-------
  Melee: Unarmed           |     6 |       ||     6
         Kick              |    10 |     1 ||    11
         Peck              |     6 |       ||     6
         Dagger            |    46 |     5 ||    51
         Punch             |     1 |       ||     1
   Cast: Summon Small Mamm |    38 |     3 ||    41
         Call Imp          |     7 |     4 ||    11
         Call Canine Famil |     1 |    10 ||    11
   Stab: Sleeping          |     6 |     1 ||     7
 Armour: Robe              |    11 |     9 ||    20
  Dodge: Dodged            |    35 |    11 ||    46

Table legend: (Time is in decaauts)
 A = Elapsed time spent in this place.
 B = Non-inter-level travel time spent in this place.
 C = Inter-level travel time spent in this place.
 D = Time resting spent in this place.
 E = Time spent auto-exploring this place.
 F = Levels seen in this place.
 G = Mean time per level.
                   A        B        C        D        E       F      G
               +--------+--------+--------+--------+--------+-----+--------+
         Total |   3120 |   2945 |    175 |    156 |   2222 |   4 |  780.0 |
       Dungeon |   3120 |   2945 |    175 |    156 |   2222 |   4 |  780.0 |
               +--------+--------+--------+--------+--------+-----+--------+

Top non-repeatable levels by time:
     D:1: 1184 daAuts
     D:3: 991 daAuts
     D:2: 722 daAuts
     D:4: 222 daAuts
